 Dungeon Crawl Stone Soup version 0.31-a0-152-g6aa68a64a1 (webtiles) character file.

Game seed: 13784544745382014575

258 qw the Shooter (level 5, -7/46 HPs)
             Began as a Minotaur Hunter on June 9, 2023.
             Engulfed by a steam dragon's steam (8 damage)
             ... on level 6 of the Dungeon.
             The game lasted 00:01:26 (2955 turns).

qw the Shooter (Minotaur Hunter)                    Turns: 2955, Time: 00:01:26

Health: -7/46      AC:  7    Str: 15    XL:     5   Next: 94%
Magic:  4/4        EV: 13    Int:  6    God:
Gold:   27         SH:  0    Dex: 19    Spells: 4/4 levels left

rFire   . . .        Y - +0 shortbow (flame)
rCold   . . .        (shield currently unavailable)
rNeg    . . .        e - +1 robe of Kaoc {Dex+3 Stlth+ Archmagi}
rPois   .            (helmet restricted)
rElec   .            (no cloak)
rCorr   .            a - +0 pair of gloves
SInv    .            d - +2 pair of boots
Will    .....        k - amulet of the acrobat
Stlth   +++          (no ring)
HPRegen 0.27/turn    (no ring)
MPRegen 0.09/turn

%: acrobat, archmagi
@: about to teleport
A: horns 2, retaliatory headbutt
a: no special abilities


You were on level 6 of the Dungeon.
You visited 1 branch of the dungeon, and saw 5 of its levels.
You also visited: Sewer.

You collected 188 gold pieces.
You spent 161 gold pieces at shops.


Innate Abilities, Weirdness & Mutations

You have a pair of horns on your head.
You reflexively headbutt those who attack you in melee.


   Skills:
 - Level 4.1 Fighting
 + Level 6.7 Ranged Weapons
 - Level 1.0 Armour
 - Level 3.1 Dodging
 - Level 0.7 Stealth


You had 4 spell levels left.
You didn't know any spells.
Your spell library was empty.

Inventory:

Hand Weapons
 Y - a +0 shortbow of flaming (weapon)
Armour
 a - a +0 pair of gloves (worn)
 d - a +2 pair of boots (worn)
 e - the +1 robe of Kaoc (worn) {Dex+3 Stlth+ Archmagi}
   (You found it on level 2 of the Dungeon)

   Dex:       It affects your dexterity (+3).
   Archmagi:  It increases the power of your magical spells.
   Stlth:     It makes you more stealthy.
Jewellery
 k - an amulet of the acrobat (around neck)
Scrolls
 b - a scroll of identify
 f - 2 scrolls of teleportation
Potions
 c - a potion of mutation
 g - 2 potions of curing
 j - a potion of resistance {unknown}

Dungeon Overview and Level Annotations

Branches:
Dungeon (6/15)              Sewer (visited)
 Temple: D:4-7

Altars:
Xom

Shops:
D:3 ?   D:4 [


Message History

The arrow burns the steam dragon.
The steam dragon is moderately wounded.
You shoot an arrow.
The arrow hits the steam dragon but does no damage.
The steam dragon is moderately wounded.
The hound barks!
The steam dragon breathes steam at you. The ball of steam hits you!
You hear a shout! x4
You shoot an arrow.
The arrow hits the steam dragon but does no damage.
The steam dragon is moderately wounded.
You are engulfed in a cloud of scalding steam.
The steam dragon breathes steam at you. The ball of steam hits you!
A jelly comes into view.
You hear a shout! x2
You shoot an arrow. The arrow hits the steam dragon!
The arrow burns the steam dragon.
The steam dragon is heavily wounded.
You are engulfed in a cloud of scalding steam.
You shoot an arrow.
The arrow hits the steam dragon but does no damage.
The steam dragon is heavily wounded.
You are engulfed in a cloud of scalding steam.
The hound misses you. The steam dragon bites you!
The steam dragon barely misses you.
An ice beast comes into view.
2954 ||| READING 3 scrolls of teleportation.
As you read the scroll of teleportation, it crumbles to dust.
You feel strangely unstable.
You are engulfed in a cloud of scalding steam.
The hound bites you but does no damage. The steam dragon breathes steam at you.
The ball of steam misses you.
You shoot an arrow.
The arrow hits the steam dragon but does no damage.
The steam dragon is heavily wounded.
You are engulfed in a cloud of scalding steam.
You die...

#. ##. .. Y# ##.#
#########..#
...>....?¤.####..
######..¤.......
##.#@h.J....
#..#D#####..
#.##<# #...##.#
#..####.# ...#
... ..... .##
.... # ...


You could see a steam dragon, an ice beast, a hound and a jelly.

Vanquished Creatures
  A sickly merfolk siren (Sewer)
  A malarious merfolk avatar (Sewer)
  3 gnolls (D:2)
  7 adders
  A river rat (Sewer)
  A worm (D:3)
  3 dart slugs
  An orc (D:4)
  3 endoplasms
  7 giant cockroaches
  5 goblins
  6 hobgoblins
  4 kobolds
  5 quokkas
  18 ball pythons
  11 bats
  4 frilled lizards
  34 rats
115 creatures vanquished.

Notes
Turn   | Place    | Note
-------+----------+-------------------------------------------
     0 | D:1      | qw the Minotaur Hunter began the quest for the Orb.
     0 | D:1      | Reached XP level 1. HP: 18/18 MP: 0/0
     0 | D:1      | 0 ||| qw: Version: 0.2-a-122-gbc61b45
     0 | D:1      | 0 ||| qw: Game counter: 3387
     0 | D:1      | 0 ||| qw: Always use a shield: true
     0 | D:1      | 0 ||| qw: God list: Okawaru
     0 | D:1      | 0 ||| qw: Allow faded altars: false
     0 | D:1      | 0 ||| qw: Do Orc after D:15 true
     0 | D:1      | 0 ||| qw: Do second Lair branch before Depths: true
     0 | D:1      | 0 ||| qw: Lair rune preference: random
     0 | D:1      | 0 ||| qw: Plans: Normal
     0 | D:1      | 0 ||| PLANNING D:1-11
   203 | D:1      | 203 ||| FLEEEEING.
   204 | D:1      | 204 ||| FLEEEEING.
   205 | D:1      | 205 ||| FLEEEEING.
   206 | D:1      | 206 ||| FLEEEEING.
   207 | D:1      | 207 ||| FLEEEEING.
   268 | D:1      | Reached XP level 2. HP: 25/25 MP: 1/1
   345 | D:1      | Reached skill level 5 in Ranged Weapons
   661 | D:1      | Reached skill level 3 in Fighting
   871 | D:1      | 871 ||| UPGRADING to +2 pair of boots.
   876 | D:1      | 876 ||| READING 2 scrolls labelled NOLUID DODDUL.
   877 | D:1      | 877 ||| READING scroll labelled YFYACV MOIKU.
   878 | D:1      | 878 ||| DROPPING scroll of blinking.
   879 | D:1      | 879 ||| DROPPING scroll of butterflies.
   964 | D:2      | Reached XP level 3. HP: 31/31 MP: 2/2
  1068 | D:2      | 1068 ||| UPGRADING to +0 pair of gloves.
  1087 | D:2      | Identified the +1 robe of Kaoc {Dex+3 Stlth+ Archmagi}
  1089 | D:2      | 1089 ||| UPGRADING to +1 robe of Kaoc {Dex+3 Stlth+
                  | Archmagi}.
  1099 | D:2      | 1099 ||| DROPPING +0 leather armour.
  1174 | D:2      | Found a faded altar of an unknown god.
  1202 | D:2      | Reached skill level 6 in Ranged Weapons
  1202 | D:2      | Reached XP level 4. HP: 33/38 MP: 3/3
  1519 | D:2      | 1519 ||| FLEEEEING.
  1521 | D:2      | 1521 ||| FLEEEEING.
  1522 | D:2      | 1522 ||| FLEEEEING.
  1523 | D:2      | 1523 ||| FLEEEEING.
  1524 | D:2      | 1524 ||| FLEEEEING.
  1525 | D:2      | 1525 ||| FLEEEEING.
  1526 | D:2      | 1526 ||| FLEEEEING.
  1527 | D:2      | 1527 ||| FLEEEEING.
  1528 | D:2      | 1528 ||| FLEEEEING.
  1529 | D:2      | 1529 ||| FLEEEEING.
  1530 | D:2      | 1530 ||| FLEEEEING.
  1531 | D:2      | 1531 ||| FLEEEEING.
  1532 | D:2      | 1532 ||| FLEEEEING.
  1533 | D:2      | 1533 ||| FLEEEEING.
  1534 | D:2      | 1534 ||| FLEEEEING.
  1535 | D:2      | 1535 ||| FLEEEEING.
  1536 | D:2      | 1536 ||| FLEEEEING.
  1537 | D:2      | 1537 ||| FLEEEEING.
  1538 | D:2      | 1538 ||| FLEEEEING.
  1539 | D:2      | 1539 ||| FLEEEEING.
  1540 | D:2      | 1540 ||| FLEEEEING.
  1541 | D:2      | 1541 ||| FLEEEEING.
  1542 | D:2      | 1542 ||| FLEEEEING.
  1543 | D:2      | 1543 ||| FLEEEEING.
  1544 | D:2      | 1544 ||| FLEEEEING.
  1545 | D:2      | 1545 ||| FLEEEEING.
  1546 | D:2      | 1546 ||| STAIRDANCE
  1577 | D:1      | 1577 ||| READING scroll labelled DYL QUZEOXI.
  1578 | D:1      | 1578 ||| READING 3 scrolls labelled OMY UNIZIE.
  1579 | D:1      | 1579 ||| READING 2 scrolls of identify.
  1579 | D:1      | 1579 ||| IDENTIFYING murky silvery potion
  1580 | D:1      | 1580 ||| DROPPING 2 scrolls of vulnerability.
  1676 | D:2      | Identified the +11 spear of the Feeding Traitor {venom,
                  | Dex+5}
  1713 | D:2      | 1713 ||| READING scroll labelled TURILA JAFFEGH.
  1714 | D:2      | 1714 ||| READING 2 scrolls of identify.
  1714 | D:2      | 1714 ||| IDENTIFYING glowing yellow potion
  1716 | D:2      | 1716 ||| Stepping ~*~*~tactically~*~*~ (cloud).
  1815 | D:3      | 1815 ||| PLANNING SEWER
  1824 | D:3      | Found a shimmering altar of Xom.
  1825 | D:3      | Found a shimmering altar of Xom.
  1831 | D:3      | Found a shimmering altar of Xom.
  1832 | D:3      | Found a shimmering altar of Xom.
  1832 | D:3      | Found a shimmering altar of Xom.
  1832 | D:3      | Found a shimmering altar of Xom.
  1835 | D:3      | Found a shimmering altar of Xom.
  1893 | D:3      | Reached skill level 1 in Armour
  1915 | D:3      | Reached XP level 5. HP: 46/46 MP: 4/4
  1916 | D:3      | Found a glowing drain.
  1925 | D:3      | 1925 ||| READING 2 scrolls labelled JAFICA TIOJEERGH.
  1926 | D:3      | 1926 ||| DROPPING scroll of noise.
  1941 | Sewer    | Entered a sewer
  2011 | Sewer    | Reached skill level 3 in Dodging
  2236 | Sewer    | 2236 ||| Stepping ~*~*~tactically~*~*~ (water).
  2238 | Sewer    | 2238 ||| Stepping ~*~*~tactically~*~*~ (water).
  2240 | Sewer    | 2240 ||| Stepping ~*~*~tactically~*~*~ (water).
  2401 | D:3      | 2401 ||| PLANNING D:1-11
  2507 | D:3      | Found Duaror's Magic Scroll Shoppe.
  2510 | D:3      | 2510 ||| BUYING scroll of brand weapon (133 gold).
  2510 | D:3      | Bought a scroll of brand weapon for 133 gold pieces
  2510 | D:3      | 2510 ||| BUYING scroll of identify (28 gold).
  2510 | D:3      | Bought a scroll of identify for 28 gold pieces
  2510 | D:3      | 2510 ||| SHOPLISTING scroll of identify (28 gold, have 2).
  2510 | D:3      | 2510 ||| READING scroll of brand weapon.
  2510 | D:3      | 2510 ||| BRANDING +0 shortbow.
  2562 | D:3      | Found a shimmering altar of Xom.
  2856 | D:3      | 2856 ||| UPGRADING to amulet of the acrobat.
  2861 | D:3      | 2861 ||| READING 3 scrolls of identify.
  2861 | D:3      | 2861 ||| IDENTIFYING golden potion
  2862 | D:3      | 2862 ||| READING 2 scrolls of identify.
  2862 | D:3      | 2862 ||| IDENTIFYING emerald potion
  2863 | D:3      | 2863 ||| DROPPING potion of invisibility.
  2864 | D:3      | 2864 ||| DROPPING potion of degeneration.
  2896 | D:4      | Found Wata's Antique Armour Shoppe.
  2903 | D:4      | 2903 ||| SHOPLISTING pair of runed boots (187 gold, have
                  | 18).
  2939 | D:4      | You fall into a shaft and drop 2 floors!
  2945 | D:6      | 2945 ||| FLEEEEING.
  2946 | D:6      | 2946 ||| FLEEEEING.
  2946 | D:6      | Noticed a steam dragon
  2953 | D:6      | HP: 6/46 [steam dragon (7)]
  2953 | D:6      | Noticed an ice beast
  2954 | D:6      | 2954 ||| READING 3 scrolls of teleportation.
  2954 | D:6      | HP: 1/46 [steam dragon] (5)]
  2955 | D:6      | Engulfed by a steam dragon's steam

Levels and vault maps discovered:
D:1:      amcnicky_arrival_abandoned_market, layout_basic
D:2:      layout_loops_cross, hellmonk_ecumenical_altar_heavens_door,
          solitary_fountain, minmay_fractal_squares_5
D:3:      layout_loops_ring, xom_redecorated, portal_sewer_entry_a,
          serial_shops, nicolae_shop_behind_doors, grunt_decor_one_mirror
D:4:      layout_loops_ring, grunt_temple_overflow_diamond,
          minmay_temple_entry_waves, serial_shops, shop, nicolae_shop_drivethru,
          uniq_menkaure
D:6:      layout_rooms, grunt_gozag_statues, ebering_ghost_reflecting_pool,
          hangedman_abyss_or_decor_lesser_grid, uniq_blork_the_orc

Skill      XL: |  1  2  3  4  5 |
---------------+----------------+-----
Ranged Weapons | 5 6 |  6.7
Fighting       | 3 4 |  4.1
Armour         | 1 |  1.0
Dodging        | 3 |  3.1
Stealth        | |  0.7

Action                     |  1- 3 |  4- 6 || total
---------------------------+-------+-------++-------
   Fire: Shortbow          |    94 |   178 ||   272
    Use: Scroll            |     2 |    10 ||    12
 Armour: Leather armour    |    10 |       ||    10
         Robe              |     1 |     6 ||     7
  Dodge: Dodged            |    29 |    42 ||    71

Table legend:
 A = Non-vault XP
 B = Vault XP
 C = Vault XP percentage of total XP
 D = Non-vault monster count
 E = Vault monster count
 F = Vault count percentage of total count
                 A         B        C        D         E       F
            +---------+---------+-------+---------+---------+-------
      Total |     170 |     199 |  53.9 |      58 |      57 |  49.6
            +---------+---------+-------+---------+---------+-------
        D:1 |      35 |       0 |   0.0 |      21 |       0 |   0.0
        D:2 |      75 |      47 |  38.5 |      15 |       6 |  28.6
        D:3 |      55 |      13 |  19.1 |      20 |       6 |  23.1
        D:4 |       5 |       0 |   0.0 |       2 |       0 |   0.0
      Sewer |       0 |     139 | 100.0 |       0 |      45 | 100.0
            +---------+---------+-------+---------+---------+-------
